[Event "Team 45 45 League T57"]
[Site "Internet Chess Club"]
[Date "2013.06.15"]
[Round "4"]
[White "cys456"]
[Black "BigH"]
[Result "1-0"]
[WhiteElo "1974"]
[BlackElo "2021"]
[Opening "Caro-Kann: classical variation"]
[ECO "B18"]
[Time "14:01:09"]
[TimeControl "2700+45"]

1. e4 c6 2. d4 d5 3. Nc3 dxe4 4. Nxe4 Bf5 5. Ng3 Bg6 6. N1e2 e6 7. Nf4 Bd6 8. h4
Qc7 9. Nxg6 hxg6 10. Ne4 Nd7 11. g3 Ngf6 12. Nxd6+ Qxd6 13. Bg2 O-O 14. O-O Nb6
15. c3 Rad8 16. Bf4 Qd7 17. Qe2 Nfd5 18. Bg5 Rc8 19. Rad1 Rfe8 20. c4 Ne7 21. g4
Qc7 22. b3 Nd7 23. Rfe1 Nf8 24. Qd2 Nh7 25. Bf4 Qb6 26. Be5 Red8 27. Qc3 Nf6 28.
Bxf6 gxf6 29. d5 cxd5 30. Qxf6 Qb4 31. h5 gxh5 32. gxh5 Kh7 33. Qxf7+ {Black
resigns} 1-0

[Event "Team 45 45 League T57"]
[Site "Internet Chess Club"]
[Date "2013.06.19"]
[Round "4"]
[White "zap2"]
[Black "infiniteshug"]
[Result "0-1"]
[WhiteElo "1730"]
[BlackElo "1897"]
[Opening "Réti: King's Indian attack"]
[ECO "A05"]
[Time "04:35:01"]
[TimeControl "2700+45"]

1. Nf3 Nf6 2. g3 g6 3. Bg2 Bg7 4. d3 O-O 5. Nbd2 d6 6. e4 e5 7. O-O Nc6 8. Ne1
d5 9. c3 dxe4 10. dxe4 Be6 11. Qe2 Qe7 12. Nc2 Rfd8 13. Rd1 Bh6 14. Nf1 Rxd1 15.
Qxd1 Bxc1 16. Qxc1 Rd8 17. Nfe3 Kg7 18. Qf1 Qc5 19. Qe2 Qb6 20. Na3 a5 21. Nac4
Qc5 22. a4 h5 23. f3 Bxc4 24. Qf2 Kh7 25. b4 axb4 26. cxb4 Qxb4 27. Nxc4 Qxc4
28. Bf1 Qc3 29. Ra2 Nb4 30. Rb2 Rd1 31. Kg2 Rxf1 32. Kxf1 Qc1+ 33. Kg2 Nd3 34.
Qd2 Qxb2 35. Qxb2 Nxb2 36. a5 Nc4 37. Kf2 Nxa5 38. Ke3 c5 {White resigns} 0-1

[Event "Team 45 45 League T57"]
[Site "Internet Chess Club"]
[Date "2013.06.14"]
[Round "4"]
[White "Tamarin"]
[Black "gandre"]
[Result "0-1"]
[WhiteElo "1808"]
[BlackElo "1790"]
[Opening "Trompowsky attack (Ruth, Opocenský opening)"]
[ECO "A45"]
[Time "20:09:06"]
[TimeControl "2700+45"]

1. d4 Nf6 2. Bg5 Ne4 3. Bf4 c5 4. f3 Qa5+ 5. c3 Nf6 6. d5 d6 7. e4 g6 8. Qd2 Bg7
9. Bd3 Nbd7 10. Ne2 O-O 11. O-O Nh5 12. Be3 Ne5 13. Bc2 Nc4 14. Qc1 Nxe3 15.
Qxe3 b5 16. Nd2 Qc7 17. Rab1 e6 18. c4 exd5 19. cxd5 Re8 20. Qd3 Qb6 21. Qe3 Bb7
22. Kh1 Bxd5 23. a3 Rad8 24. Nc3 Be6 25. b4 Bd4 26. Qd3 c4 27. Qe2 Bxc3 28. Rfd1
d5 29. exd5 Bxd5 30. Qf1 Qe3 31. Ne4 Bxe4 32. Bxe4 Qb6 33. Rxd8 Rxd8 34. Rd1 Nf4
{White resigns} 0-1

[Event "Team 45 45 League T57"]
[Site "Internet Chess Club"]
[Date "2013.06.14"]
[Round "4"]
[White "ScotchYeti"]
[Black "John3v16"]
[Result "1/2-1/2"]
[WhiteElo "1707"]
[BlackElo "1726"]
[Opening "Sicilian: Kan, Maróczy bind (Réti variation)"]
[ECO "B41"]
[Time "02:02:29"]
[TimeControl "2700+45"]

1. e4 c5 2. Nf3 e6 3. d4 cxd4 4. Nxd4 a6 5. c4 Nf6 6. Nc3 Qc7 7. Be2 Nc6 8. Be3
Bb4 9. f3 O-O 10. Qd2 Ne5 11. b3 Ng6 12. O-O Nh5 13. f4 Nhxf4 14. Bd1 f5 15. g3
e5 16. Nxf5 Ne6 17. Qc2 Bc5 18. Nd5 Bxe3+ 19. Nfxe3 Rxf1+ 20. Kxf1 Qc5 21. Nf5
Nd4 22. Qf2 d6 23. Nfe7+ Kh8 24. Nxg6+ hxg6 25. Kg2 Be6 26. Ne7 Kh7 27. g4 g5
28. h4 Nc6 29. Nxc6 Qxf2+ 30. Kxf2 bxc6 31. hxg5 Rf8+ 32. Kg3 Rf1 33. Rb1 Rg1+
34. Kf2 Rh1 35. Kg3 Rg1+ 36. Kf2 Rh1 37. Kg3 Kg6 38. Bc2 Rxb1 39. Bxb1 Kxg5 40.
Bd3 c5 {Game drawn by mutual agreement} 1/2-1/2

[Event "Team 45 45 League T57"]
[Site "Internet Chess Club"]
[Date "2013.06.14"]
[Round "4"]
[White "leland"]
[Black "Muravey"]
[Result "1-0"]
[WhiteElo "1934"]
[BlackElo "2001"]
[Opening "Scandinavian defense"]
[ECO "B01"]
[Time "18:02:23"]
[TimeControl "2700+45"]

1. e4 d5 2. exd5 Nf6 3. Nc3 Nxd5 4. Nxd5 Qxd5 5. d4 Nc6 6. c3 Bf5 7. Nf3 O-O-O
8. Be2 e6 9. Qb3 Qe4 10. Ng5 Nxd4 11. cxd4 Qxd4 12. O-O Qf6 13. Bf3 c6 14. Ne4
Qg6 15. Ng3 Bd3 16. Re1 Bc5 17. Be3 Bxe3 18. Rxe3 Ba6 19. Qa4 Bb5 20. Qxa7 f5
21. Rc3 e5 22. Qc5 Ba6 23. Qxe5 Rhf8 24. Rac1 Rd7 25. Bxc6 bxc6 26. Rxc6+ Qxc6
27. Rxc6+ Kb7 28. Rd6 Rc7 29. Qd5+ Ka7 30. Rd7 Rc8 31. h3 f4 32. Ne4 Bb7 33.
Qa5+ Kb8 34. Rxc7 Rxc7 35. Nd6 Rc1+ 36. Kh2 Rc2 37. Nxb7 Kxb7 38. Qb4+ Kc7 39.
Qxf4+ Kb6 40. Qb4+ Kc7 41. Qc3+ Rxc3 42. bxc3 Kc6 43. a4 Kc5 44. Kg3 Kc4 45. Kg4
Kxc3 46. a5 Kd3 47. a6 Ke2 48. a7 Kxf2 49. a8=Q Ke3 50. Qf3+ Kd4 51. Kf5 {Black
resigns} 1-0

[Event "Team 45 45 League T57"]
[Site "Internet Chess Club"]
[Date "2013.06.15"]
[Round "4"]
[White "Constrictor"]
[Black "joebobpop"]
[Result "0-1"]
[WhiteElo "1726"]
[BlackElo "1731"]
[Opening "Réti opening"]
[ECO "A05"]
[Time "13:03:53"]
[TimeControl "2700+45"]

1. Nf3 Nf6 2. b3 g6 3. Bb2 Bg7 4. e3 Nc6 5. c4 O-O 6. Be2 d6 7. O-O e5 8. d3 Qe7
9. Nbd2 Be6 10. Rc1 Rad8 11. Ng5 Bd7 12. Nde4 Nxe4 13. Nxe4 f5 14. Ng3 Be6 15.
Bf3 Bd7 16. Bd5+ Be6 17. Qf3 Bxd5 18. Qxd5+ Qf7 19. Qxf7+ Rxf7 20. a3 Rfd7 21.
h4 d5 22. c5 Bh6 23. Rce1 Na5 24. b4 Nb3 25. Re2 e4 26. d4 a5 27. Rc2 a4 28. c6
bxc6 29. Rxc6 Nd2 30. Rfc1 Nc4 31. Rc2 f4 32. exf4 Bxf4 33. Ne2 Bd6 34. Nc3 Be7
35. Nxa4 Bxh4 36. Nc5 Rf7 37. Ne6 Rd6 38. Rxd6 cxd6 39. Bc1 Ra7 40. Nf4 Nxa3 41.
Bxa3 Rxa3 42. Nxd5 Rd3 43. Rc8+ Kg7 44. Nf4 Rd1+ 45. Kh2 Bxf2 46. Rd8 Bxd4 47.
Rxd6 Bg1+ 48. Kh3 Rxd6 {White resigns} 0-1

[Event "Team 45 45 League T57"]
[Site "Internet Chess Club"]
[Date "2013.06.17"]
[Round "4"]
[White "LiangLiang"]
[Black "Frankly"]
[Result "0-1"]
[WhiteElo "1712"]
[BlackElo "1831"]
[Opening "Ruy Lopez: open, 8...Be6"]
[ECO "C80"]
[Time "13:01:42"]
[TimeControl "2700+45"]

1. e4 e5 2. Nf3 Nc6 3. Bb5 a6 4. Ba4 Nf6 5. O-O Nxe4 6. d4 b5 7. Bb3 d5 8. dxe5
Be6 9. a4 b4 10. a5 Nc5 11. Nbd2 Be7 12. c3 O-O 13. Bc2 Rb8 14. Re1 bxc3 15.
bxc3 Rb5 16. Nd4 Nxd4 17. cxd4 Nb7 18. Bd3 Rxa5 19. Rxa5 Nxa5 20. Bxa6 Qa8 21.
Bf1 Qa7 22. Bb2 Rb8 23. Bc3 Nc6 24. Qa1 Qb7 25. Rb1 Qc8 26. g3 Ra8 27. Qb2 Bf5
28. Ra1 Rb8 29. Qc1 h6 30. Bg2 Qe6 31. Bb2 Qd7 32. Ra6 Nb4 33. Ra7 Nd3 34. Qxc7
Qxc7 35. Rxc7 Rxb2 36. Rxe7 Rxd2 37. Bxd5 Rd1+ 38. Kg2 Ne1+ 39. Kf1 Bd3+ 40. Kg1
Nc2+ 41. Kg2 Bf1+ 42. Kf3 Nxd4+ 43. Kf4 Ne2+ {White resigns} 0-1

[Event "Team 45 45 League T57"]
[Site "Internet Chess Club"]
[Date "2013.06.17"]
[Round "4"]
[White "ghostfire"]
[Black "DouDou"]
[Result "1-0"]
[WhiteElo "1810"]
[BlackElo "1753"]
[Opening "Ruy Lopez: 5.O-O"]
[ECO "C78"]
[Time "21:21:08"]
[TimeControl "2700+45"]

1. e4 e5 2. Nf3 Nc6 3. Bb5 a6 4. Ba4 Nf6 5. O-O b5 6. Bb3 Bc5 7. Re1 O-O 8. h3
d6 9. c3 h6 10. d4 Bb6 11. d5 Ne7 12. Nbd2 Ng6 13. Nf1 Bd7 14. Ng3 c6 15. Bc2
Re8 16. Be3 Bxe3 17. fxe3 cxd5 18. exd5 Ne7 19. e4 Ng6 20. Rf1 Qb6+ 21. Kh1 Nf4
22. Qe1 Rac8 23. Nh4 b4 24. Nhf5 Bxf5 25. Nxf5 N6h5 26. Ba4 Nd3 27. Qh4 Nhf4 28.
Bxe8 Rxe8 29. Qg3 g6 30. Nxh6+ Kg7 31. Ng4 Rh8 32. cxb4 Qxb4 33. Qf3 Nc5 34. Nf2
Kf8 35. b3 g5 36. Qg4 f6 37. Qc8+ Kg7 38. Qc7+ Kg6 39. Qxd6 Qb5 40. Ng4 Nxe4 41.
Nxe5+ Kh5 42. g4+ Kh6 43. Qc6 Qe2 44. Rxf4 Ng3+ 45. Kg1 Qxe5 46. Rxf6+ Kg7 47.
Rg6+ {Black resigns} 1-0

[Event "Team 45 45 League T57"]
[Site "Internet Chess Club"]
[Date "2013.06.15"]
[Round "4"]
[White "carokantor"]
[Black "Tobiasdelmonte"]
[Result "1/2-1/2"]
[WhiteElo "1964"]
[BlackElo "1855"]
[Opening "King's Indian: Four pawns attack"]
[ECO "E76"]
[Time "21:06:55"]
[TimeControl "2700+45"]

1. d4 Nf6 2. c4 g6 3. Nc3 Bg7 4. e4 d6 5. f4 O-O 6. Nf3 Na6 7. Be2 e5 8. fxe5
dxe5 9. Nxe5 c5 10. Bg5 Qxd4 11. Nf3 Qxd1+ 12. Rxd1 Re8 13. Nd2 h6 14. Bh4 Ng4
15. Bf2 Nxf2 16. Kxf2 Bd4+ 17. Kg3 Bd7 18. Rhf1 Bc6 19. Bf3 Re5 20. h4 Rae8 21.
Rfe1 Nb4 22. a3 Nd3 23. Re2 Nxb2 24. Rc1 Nd3 25. Rc2 g5 26. Nd5 Rxd5 27. exd5
Rxe2 28. Bxe2 Be5+ 29. Kf3 Ne1+ 30. Ke4 Nxc2 31. dxc6 Bc7 32. hxg5 hxg5 33. cxb7
Nd4 34. Bd1 Kf8 35. Kd5 Ke7 36. Kxc5 Ne6+ 37. Kc6 Kd8 38. Nb3 Bb8 39. Bg4 Nf4
40. Bf3 Nd3 41. Na5 Ne5+ 42. Kd5 g4 43. Be4 Ke7 44. c5 Bc7 45. Nc6+ Nxc6 46.
Kxc6 Kd8 47. Bf5 g3 48. Be4 f6 49. Bf5 Bb8 50. a4 Ke7 51. Kb5 Kd8 52. Kc6 Ke7
53. Kd5 Kd8 54. Ke6 Be5 55. b8=Q+ Bxb8 56. Kxf6 Bf4 57. Ke6 Kc7 58. Be4 Be3 59.
c6 a5 60. Kf5 Bf2 61. Kg4 Be1 62. Kf4 Bf2 63. Bf3 Be1 64. Ke5 Bc3+ 65. Kd5 Bb4
66. Kc4 Be1 67. Kb5 Bd2 68. Kc5 Bb4+ 69. Kb5 {Game drawn by mutual agreement}
1/2-1/2

[Event "Team 45 45 League T57"]
[Site "Internet Chess Club"]
[Date "2013.06.12"]
[Round "4"]
[White "JustinL"]
[Black "Budzo"]
[Result "1/2-1/2"]
[WhiteElo "1981"]
[BlackElo "1851"]
[Opening "French: exchange variation"]
[ECO "C01"]
[Time "20:00:08"]
[TimeControl "2700+45"]

1. e4 e6 2. d4 d5 3. exd5 exd5 4. Nf3 Nf6 5. Bd3 Bd6 6. O-O O-O 7. Bg5 c6 8. c3
Bg4 9. Nbd2 Nbd7 10. Qc2 h6 11. Bh4 Qc7 12. Bg3 Rfe8 13. Rfe1 Re6 14. Bxd6 Qxd6
15. h3 Bxf3 16. Nxf3 Rae8 17. Rxe6 Rxe6 18. Re1 Rxe1+ 19. Nxe1 Qe6 20. Qe2 Qxe2
21. Bxe2 Kf8 22. Nd3 Ke7 23. f3 g5 24. Kf2 {Game drawn by mutual agreement}
1/2-1/2

[Event "Team 45 45 League T57"]
[Site "Internet Chess Club"]
[Date "2013.06.17"]
[Round "4"]
[White "vigneshv"]
[Black "BYOB69"]
[Result "1-0"]
[WhiteElo "1703"]
[BlackElo "1822"]
[Opening "Budapest: Adler variation"]
[ECO "A52"]
[Time "21:03:44"]
[TimeControl "2700+45"]

1. d4 Nf6 2. c4 e5 3. dxe5 Ng4 4. Nf3 Nc6 5. Bf4 Bb4+ 6. Nbd2 Qe7 7. e3 Ngxe5 8.
Nxe5 Nxe5 9. Be2 O-O 10. O-O d6 11. Nb3 b6 12. a3 Bc5 13. Nxc5 dxc5 14. Qd5 Re8
15. Bxe5 Qxe5 16. Qxa8 Bg4 17. Qd5 Bxe2 18. Qxe5 Rxe5 19. Rfc1 Re6 20. Rc2 Bh5
21. Rd2 Rd6 22. Rxd6 cxd6 23. f3 Kf8 24. Rd1 Ke7 25. e4 f6 26. b4 Bf7 27. bxc5
dxc5 28. Rc1 Kd6 29. Kf2 Ke5 30. Ke3 g5 31. a4 a5 32. Rb1 Bxc4 33. Rxb6 Bf1 34.
g3 {Black resigns} 1-0

[Event "Team 45 45 League T57"]
[Site "Internet Chess Club"]
[Date "2013.06.16"]
[Round "4"]
[White "Altairus"]
[Black "Gorongonde"]
[Result "1/2-1/2"]
[WhiteElo "1704"]
[BlackElo "1682"]
[Opening "Old Indian: Tartakower (Wade) variation"]
[ECO "A04"]
[Time "22:00:21"]
[TimeControl "2700+45"]

1. Nf3 d6 2. d4 Bg4 3. e4 Nf6 4. Nc3 c6 5. Be2 Qc7 6. Bf4 Nbd7 7. e5 dxe5 8.
Nxe5 Bxe2 9. Nxe2 Nxe5 10. Bxe5 Qa5+ 11. c3 Nd7 12. Bf4 g5 13. Be3 O-O-O 14. Ng3
Qd5 15. Qf3 Qxf3 16. gxf3 h6 17. h3 e6 18. O-O-O Bd6 19. h4 f5 20. Bd2 g4 21.
fxg4 fxg4 22. Ne4 Bc7 23. Rhg1 h5 24. Ng5 Rde8 25. Rde1 e5 26. Kc2 Rhf8 27. Be3
exd4 28. cxd4 Nb6 29. b3 Nd5 30. Re2 Bf4 31. Rge1 Bc7 32. a3 Kd7 33. Bd2 Bf4 34.
Ne6 Rxe6 35. Rxe6 Bxd2 36. Kxd2 Rxf2+ 37. R6e2 Rf3 38. Re5 g3 39. Rxh5 Rf2+ 40.
Kc1 g2 41. Rg5 Rf1 42. Kd2 Rh1 43. Rxg2 Rxh4 44. Rg7+ Kd6 45. Rxb7 Rxd4+ 46. Kc2
a5 47. Ra7 Rg4 48. Rxa5 Rg2+ 49. Kc1 Nc3 50. Rh5 Na2+ 51. Kb1 Nc3+ 52. Kc1 Na2+
{Game drawn by mutual agreement} 1/2-1/2

[Event "Team 45 45 League T57"]
[Site "Internet Chess Club"]
[Date "2013.06.15"]
[Round "4"]
[White "Rodin7"]
[Black "sonoftill"]
[Result "0-1"]
[WhiteElo "2100"]
[BlackElo "2137"]
[Opening "Sicilian: Hungarian variation"]
[ECO "B27"]
[Time "14:00:36"]
[TimeControl "2700+45"]

1. e4 c5 2. Nf3 g6 3. c3 d5 4. e5 Nc6 5. d4 Bg4 6. Be2 Bxf3 7. Bxf3 e6 8. O-O
Nge7 9. Be3 Nf5 10. Bg4 Nxe3 11. fxe3 h5 12. Bh3 Bh6 13. Qf3 O-O 14. Na3 a6 15.
Rf2 Qg5 16. Nc2 b5 17. Raf1 Ra7 18. Kh1 Bg7 19. g4 hxg4 20. Bxg4 Qh4 21. Qg2 Qg5
22. Rf3 Rc7 23. Rg3 Qe7 24. Be2 b4 25. cxb4 cxd4 26. exd4 Nxb4 27. Ne3 Nc6 28.
Ng4 Qh4 29. Rf4 Ne7 30. Nf6+ Bxf6 31. Rxh4 Bxh4 32. Rf3 Rc2 33. Qh3 Rxe2 34.
Qxh4 Nf5 35. Qf6 Rc8 36. Rf1 Rcc2 37. Rf4 {White resigns} 0-1

[Event "Team 45 45 League T57"]
[Site "Internet Chess Club"]
[Date "2013.06.16"]
[Round "4"]
[White "SlimeDog2"]
[Black "Epcot"]
[Result "0-1"]
[WhiteElo "2045"]
[BlackElo "2117"]
[Opening "Nimzo-Indian: classical variation"]
[ECO "E32"]
[Time "00:44:49"]
[TimeControl "2700+45"]

1. d4 Nf6 2. c4 e6 3. Nc3 Bb4 4. Qc2 O-O 5. Bg5 c5 6. dxc5 h6 7. Bh4 Na6 8. a3
Bxc3+ 9. Qxc3 Nxc5 10. Bxf6 Qxf6 11. Qxf6 gxf6 12. b4 Na4 13. Nf3 b6 14. e3 Ba6
15. Rd1 Rfd8 16. Rd4 Rac8 17. Kd2 Nb2 18. Kc3 Nxc4 19. Bxc4 d5 20. Nd2 Bxc4 21.
Nxc4 b5 22. Rhd1 f5 23. f3 Kf8 24. e4 fxe4 25. fxe4 Rxc4+ 26. Rxc4 bxc4 27. Re1
dxe4 28. Rxe4 Rd3+ 29. Kxc4 Rxa3 30. Kc5 Ra2 31. Rg4 Ke7 32. b5 f5 33. Rg8 Kf6
34. Kd6 Rd2+ 35. Kc6 Ke5 36. Rg7 Ra2 37. Rg6 f4 38. Kd7 Kf5 39. Rg8 e5 40. Kd6
Ke4 41. Rg7 Kd4 42. h3 e4 43. Rg4 Ke3 44. g3 {White resigns} 0-1

[Event "Team 45 45 League T57"]
[Site "Internet Chess Club"]
[Date "2013.06.14"]
[Round "4"]
[White "Pason"]
[Black "cyborg86"]
[Result "0-1"]
[WhiteElo "1927"]
[BlackElo "1904"]
[Opening "Queen's pawn"]
[ECO "A40"]
[Time "14:00:40"]
[TimeControl "2700+45"]

1. d4 e6 2. Nf3 b6 3. c4 Bb7 4. Nc3 Bb4 5. Qc2 f5 6. Bd2 Nf6 7. e3 O-O 8. Bd3
Qe7 9. a3 Bxc3 10. Bxc3 Ne4 11. Bb4 d6 12. O-O a5 13. Be1 Nd7 14. Nd2 Nxd2 15.
Bxd2 Qg5 16. f3 e5 17. b4 axb4 18. e4 f4 19. axb4 exd4 20. Qb2 Rxa1 21. Rxa1 Ne5
22. Be2 d3 23. Bd1 Rf6 24. Ra7 Rg6 25. Bc3 Bc6 26. Rxc7 Qd8 27. Ra7 Nxc4 28. Qa2
b5 29. Bb3 Qb6+ 30. Qf2 Qe3 31. Bd2 Qe2 32. Bxf4 Kf8 33. Bg3 Nd2 34. h3 Qxf2+
35. Bxf2 Nxb3 36. Kf1 d2 {White resigns} 0-1

[Event "Team 45 45 League T57"]
[Site "Internet Chess Club"]
[Date "2013.06.16"]
[Round "4"]
[White "carokantor"]
[Black "chess9793"]
[Result "1/2-1/2"]
[WhiteElo "1968"]
[BlackElo "2058"]
[Opening "Sicilian: Alapin's variation (2.c3)"]
[ECO "B22"]
[Time "21:58:40"]
[TimeControl "2700+45"]

1. e4 c5 2. c3 Nf6 3. e5 Nd5 4. Nf3 Nc6 5. d4 cxd4 6. Bc4 Nb6 7. Bb3 d6 8. exd6
Qxd6 9. O-O g6 10. cxd4 Bg7 11. d5 Ne5 12. Nxe5 Bxe5 13. g3 O-O 14. Nc3 Rd8 15.
Ne4 Qb4 16. Re1 Nxd5 17. Bd2 Qd4 18. Qf3 Bf5 19. Nc3 Bg4 20. Qg2 Qxd2 21. Nxd5
Bxb2 22. Nxe7+ Kf8 23. Rab1 Bd4 24. Re4 Bf5 25. Nxf5 gxf5 26. Rf4 Rd7 27. Qf3
Rc8 28. Rxf5 Rc1+ 29. Rxc1 Qxc1+ 30. Kg2 Qc6 31. Bd5 Qg6 32. h4 f6 33. Qf4 h6
34. Be6 Re7 35. Bb3 Be5 36. Qf3 Kg7 37. h5 Qe8 38. Qg4+ Kh7 39. Bc2 Kh8 40. Rf3
Rg7 41. Bg6 Qc6 42. Qb4 Rg8 43. Qe7 Qc7 44. Qxc7 Bxc7 45. Rxf6 Be5 46. Rf7 Rg7
47. Rf8+ Rg8 48. Rf5 Bd4 49. Rd5 Bb6 50. f4 Rd8 51. Be4 Re8 52. Kf3 Rd8 53.
Rxd8+ Bxd8 54. Bxb7 Kg7 55. Ke4 Kf6 56. g4 Bc7 57. Ba6 Bd6 58. Be2 Bc7 59. a4 a5
60. f5 Bd8 61. Kd5 Kg5 62. Ke6 Bf6 63. Kd7 Bc3 64. Ke6 Bf6 65. Kd7 Bc3 66. Ke6
Bf6 67. Kf7 Bc3 68. Ke6 Bf6 69. Kd7 Bc3 70. Ke6 Bf6 71. Kd5 Bc3 72. Kc4 Bf6 73.
Kb5 Bc3 74. Kc4 Bf6 75. Kd5 Bc3 76. Ke6 Bf6 {Game drawn by repetition} 1/2-1/2

[Event "Team 45 45 League T57"]
[Site "Internet Chess Club"]
[Date "2013.06.17"]
[Round "4"]
[White "f5"]
[Black "Happybear"]
[Result "0-1"]
[WhiteElo "2122"]
[BlackElo "2023"]
[Opening "Trompowsky attack (Ruth, Opocenský opening)"]
[ECO "A45"]
[Time "20:00:16"]
[TimeControl "2700+45"]

1. d4 Nf6 2. Bg5 Ne4 3. Bf4 d5 4. f3 Nd6 5. e3 g6 6. h4 Bg7 7. h5 O-O 8. c3 Nc6
9. Nh3 Qe8 10. Be2 Bxh3 11. Rxh3 Rd8 12. Qb3 e5 13. dxe5 Bxe5 14. hxg6 hxg6 15.
Bg5 Rd7 16. Nd2 b5 17. O-O-O Qe6 18. f4 Bg7 19. Bf3 Nc4 20. Nxc4 dxc4 21. Qc2
Qxe3+ 22. Kb1 Qe6 23. Rdh1 Re8 24. Qf2 Qf5+ 25. Ka1 Nb4 26. g4 Qd3 27. Rc1 Nc2+
28. Kb1 Re1 29. Rxe1 Nxe1+ 30. Kc1 Nxf3 31. Qxf3 Qd2+ {White resigns} 0-1

[Event "Team 45 45 League T57"]
[Site "Internet Chess Club"]
[Date "2013.06.14"]
[Round "4"]
[White "M-Tuzel"]
[Black "stile"]
[Result "0-1"]
[WhiteElo "1632"]
[BlackElo "1823"]
[Opening "Scandinavian defense"]
[ECO "B01"]
[Time "14:15:14"]
[TimeControl "2700+45"]

1. e4 d5 2. exd5 Nf6 3. d4 Bg4 4. f3 Bf5 5. c4 e6 6. dxe6 Nc6 7. exf7+ Kxf7 8.
d5 Bb4+ 9. Bd2 Qe7+ 10. Ne2 Nd4 11. Nc3 Nc2+ 12. Kf2 Bc5+ 13. Kg3 Nh5# {White
checkmated} 0-1

[Event "Team 45 45 League T57"]
[Site "Internet Chess Club"]
[Date "2013.06.15"]
[Round "4"]
[White "hood"]
[Black "vigneshv"]
[Result "1-0"]
[WhiteElo "1763"]
[BlackElo "1680"]
[Opening "French: Tarrasch, closed variation"]
[ECO "C05"]
[Time "13:04:28"]
[TimeControl "2700+45"]

1. e4 e6 2. d4 d5 3. Nd2 Nf6 4. e5 Nfd7 5. Ngf3 c5 6. c3 Nc6 7. Nb3 cxd4 8. cxd4
f6 9. exf6 Nxf6 10. Be2 Bd6 11. O-O O-O 12. Re1 e5 13. dxe5 Nxe5 14. Nxe5 Bxe5
15. Bf3 Qd6 16. h3 Be6 17. Qe2 Nd7 18. Be3 Bxb2 19. Rab1 Ba3 20. Nd4 Bf7 21. Qd3
Bg6 22. Qb3 Bxb1 23. Rxb1 Bc5 24. Bxd5+ Kh8 25. Rd1 Bxd4 26. Bxd4 Nc5 27. Qc3
Rac8 28. Bxg7# {Black checkmated} 1-0

[Event "Team 45 45 League T57"]
[Site "Internet Chess Club"]
[Date "2013.06.16"]
[Round "4"]
[White "Warren"]
[Black "Matusalen"]
[Result "1/2-1/2"]
[WhiteElo "2300"]
[BlackElo "2180"]
[Opening "Sicilian: Taimanov (Bastrikov) variation"]
[ECO "B47"]
[Time "08:05:10"]
[TimeControl "2700+45"]

1. e4 c5 2. Nf3 e6 3. d4 cxd4 4. Nxd4 Nc6 5. Nc3 Qc7 6. Ndb5 Qb8 7. Be3 a6 8.
Bb6 axb5 9. Nxb5 Bb4+ 10. c3 Ba5 11. Nc7+ Qxc7 12. Bxc7 Bxc7 13. Qg4 Kf8 14. Bb5
Nf6 15. Qe2 g6 16. O-O d5 {Game drawn by mutual agreement} 1/2-1/2

[Event "Team 45 45 League T57"]
[Site "Internet Chess Club"]
[Date "2013.06.17"]
[Round "4"]
[White "MisterDoob"]
[Black "steadman"]
[Result "1-0"]
[WhiteElo "2155"]
[BlackElo "2129"]
[Opening "King's Indian: orthodox variation"]
[ECO "E94"]
[Time "20:01:07"]
[TimeControl "2700+45"]

1. d4 Nf6 2. c4 g6 3. Nc3 Bg7 4. e4 d6 5. Nf3 O-O 6. Be2 e5 7. O-O Na6 8. Be3 c6
9. d5 Ng4 10. Bg5 f6 11. Bd2 c5 12. Ne1 Nh6 13. h3 f5 14. Qb3 f4 15. a4 g5 16.
Nc2 g4 17. hxg4 Nxg4 18. Nb5 Rf6 19. f3 Nh6 20. Kf2 Rg6 21. Rh1 Bf6 22. Ke1 Bh4+
23. Kd1 Nf7 24. Bf1 Bf2 25. Kc1 Nc7 26. Nxc7 Qxc7 27. Ne1 b6 28. Nd3 Bd4 29. Kb1
a6 30. Qc2 Rb8 31. Nc1 Bd7 32. Nb3 Kg7 33. Nxd4 cxd4 34. a5 b5 35. cxb5 Qxc2+
36. Kxc2 Bxb5 37. Bxb5 Rxb5 38. Rh2 Rb8 39. b4 Rg8 40. Be1 Nh6 41. Kb2 Kf7 42.
Ka3 Rc8 43. b5 axb5 44. a6 Kg7 45. a7 Ra8 46. Kb4 Rf6 47. Kxb5 Rf7 48. Kb6 Rd7
49. Rh1 Nf7 50. Bh4 Nh8 51. Rhc1 Ng6 52. Bf2 Rdd8 53. Kb7 Nf8 54. Rc7+ Kg8 55.
Bh4 Re8 56. Bf6 Ng6 57. Rg7+ Kf8 58. Rc1 d3 59. Rcc7 Ne7 60. Rgxe7 Rxe7 61.
Bxe7+ {Black resigns} 1-0

[Event "Team 45 45 League T57"]
[Site "Internet Chess Club"]
[Date "2013.06.17"]
[Round "4"]
[White "primerpaso"]
[Black "Chess-Dream"]
[Result "1/2-1/2"]
[WhiteElo "1895"]
[BlackElo "2112"]
[Opening "English: Bremen system, Keres variation"]
[ECO "A23"]
[Time "19:01:19"]
[TimeControl "2700+45"]

1. c4 e5 2. Nc3 Nf6 3. g3 c6 4. d4 exd4 5. Qxd4 Na6 6. Bg2 Bc5 7. Qd2 O-O 8. Nf3
Nc7 9. O-O d5 10. Rd1 Qe7 11. cxd5 Ncxd5 12. Nxd5 Nxd5 13. a3 Nf6 14. Qc2 Bb6
15. b4 a5 16. Bd2 Qxe2 17. Rf1 Ng4 18. Ng5 Bxf2+ 19. Kh1 g6 20. Ne4 Bd4 21. Rae1
Qb5 22. h3 Qh5 23. Bc3 Bxc3 24. Qxc3 axb4 25. axb4 Bf5 26. Kg1 Bxe4 27. hxg4 Qg5
28. Rxe4 Ra2 29. Ref4 Qe7 30. Re4 Qc7 31. b5 Qb6+ 32. Kh1 Qxb5 33. Rb4 Qe2 34.
Qf3 Qxf3 35. Bxf3 Ra7 36. Rfb1 Ra3 37. Kg2 Rd8 38. R4b3 Rxb3 39. Rxb3 Rd7 40. g5
Kg7 41. Be4 h6 42. gxh6+ Kxh6 43. g4 Kg5 44. Kg3 f5 45. gxf5 gxf5 46. Bg2 Re7
47. Kf2 Kf6 48. Kf3 Ke5 49. Re3+ Kd6 50. Rxe7 Kxe7 51. Kf4 Kd6 52. Kxf5 b5 53.
Ke4 Kc5 54. Kd3 b4 55. Bxc6 Kxc6 {Game drawn by mutual agreement} 1/2-1/2

[Event "Team 45 45 League T57"]
[Site "Internet Chess Club"]
[Date "2013.06.16"]
[Round "4"]
[White "minke"]
[Black "CaoCao"]
[Result "1-0"]
[WhiteElo "1913"]
[BlackElo "1903"]
[Opening "Two knights defense"]
[ECO "C59"]
[Time "15:18:41"]
[TimeControl "2700+45"]

1. e4 e5 2. Nf3 Nc6 3. Bc4 Nf6 4. Ng5 d5 5. exd5 Na5 6. Bb5+ c6 7. dxc6 bxc6 8.
Be2 h6 9. Nf3 e4 10. Ne5 Bd6 11. d4 O-O 12. Nd2 Qe7 13. f4 exf3 14. Ndxf3 Ng4
15. Nxg4 Bxg4 16. O-O Rfe8 17. Rf2 c5 18. Bd2 Nc6 19. Bb5 Nxd4 20. Bxe8 Rxe8 21.
c3 Ne2+ 22. Kf1 Nf4 23. Qa4 Bd7 24. Qc2 Qe6 25. b3 Qg4 26. Bxf4 Bxf4 27. Re1
Rxe1+ 28. Kxe1 Bf5 29. Qe2 Bg6 30. Nd4 Qg5 31. Nc6 Bxh2 32. Ne7+ Kh7 33. Nxg6
Qxg6 34. Kd2 Qg5+ 35. Kc2 Qg6+ 36. Qd3 Qxd3+ 37. Kxd3 Kg6 38. Kc4 f5 39. Rf1 Be5
40. Kxc5 Bxc3 41. b4 Kg5 42. a4 Kg4 43. Rf3 Bf6 44. a5 Be7+ 45. Kb5 f4 46. Rb3
g5 47. Ka6 h5 48. Kxa7 h4 49. Kb7 Bxb4 50. Rxb4 Kg3 51. a6 Kxg2 52. a7 f3 53.
a8=Q g4 {Black resigns} 1-0

[Event "Team 45 45 League T57"]
[Site "Internet Chess Club"]
[Date "2013.06.16"]
[Round "4"]
[White "DanielDelPaso"]
[Black "chess9793"]
[Result "1-0"]
[WhiteElo "2304"]
[BlackElo "2062"]
[Opening "Grünfeld defense"]
[ECO "D80"]
[Time "19:00:27"]
[TimeControl "2700+45"]

1. d4 Nf6 2. c4 g6 3. Nc3 d5 4. h4 c5 5. cxd5 Nxd5 6. Nf3 Nc6 7. h5 Bg7 8. h6
Bf6 9. e3 cxd4 10. exd4 O-O 11. Be2 Bg4 12. O-O Rc8 13. Ne4 Bxf3 14. Nxf6+ Nxf6
15. Bxf3 Qxd4 16. Qxd4 Nxd4 17. Bxb7 Ne2+ 18. Kh1 Rb8 19. Bf3 Nxc1 20. Rfxc1
Rxb2 21. Rc7 e5 22. Rxa7 e4 23. Bd1 Rxf2 24. Kg1 Rb2 25. Rc1 e3 26. Bb3 Ng4 27.
Rxf7 Rb8 28. Rfc7+ R8xb3 29. Rg7+ {Black resigns} 1-0

[Event "Team 45 45 League T57"]
[Site "Internet Chess Club"]
[Date "2013.06.14"]
[Round "4"]
[White "Rodin7"]
[Black "zeigmata"]
[Result "1/2-1/2"]
[WhiteElo "2116"]
[BlackElo "2199"]
[Opening "French: exchange variation"]
[ECO "C01"]
[Time "16:08:26"]
[TimeControl "2700+45"]

1. e4 e6 2. d4 d5 3. exd5 exd5 4. Bd3 Nf6 5. h3 Bd6 6. Qf3 O-O 7. Ne2 b6 8. O-O
Ba6 9. Nbc3 Bxd3 10. Qxd3 c6 11. Ng3 Re8 12. Bg5 h6 13. Bd2 Qc7 14. Nf5 Nbd7 15.
Rae1 Rxe1 16. Rxe1 Re8 17. Rxe8+ Nxe8 18. Qf3 Ndf6 {Game drawn by mutual
agreement} 1/2-1/2